 Dungeon Crawl Stone Soup version 0.30-a0-465-g8901f6c8b5 (webtiles) character file.

Game seed: 920794011791034677

82147 oldriver the Warrior (level 15, -2/137 (141) HPs)
             Began as a Barachi Hexslinger on Dec 17, 2022.
             Was the Champion of Cheibriados.
             Slain by a merfolk impaler
             ... wielding a +2 trident of chaos
              (11 damage)
             ... on level 1 of the Shoals on Dec 18, 2022.
             The game lasted 00:57:53 (25464 turns).

oldriver the Warrior (Barachi Hexslinger)          Turns: 25464, Time: 00:57:53

HP:   -2/137 (141)  AC: 33    Str: 37    XL:     15   Next: 72%
MP:   0/16          EV: 15    Int: 27    God:    Cheibriados [******]
Gold: 141           SH: 11    Dex: 34    Spells: 15/16 levels left

rFire   + + .      SeeInvis .    a - +5 sling (drain)
rCold   + . .      Faith    .    l - +2 buckler of Quef {Slay+2}
rNeg    + . .      Spirit   +    X - +2 gold dragon scales
rPois   +          Reflect  .    B - +0 helmet
rElec   .          Harm     .    L - +2 cloak {rCorr}
rCorr   +          Rampage  .    y - +0 pair of gloves "Tiom" {rPois Str+4 Int+2}
Will    +....                    h - +0 pair of boots
Stlth   ..........               I - amulet of guardian spirit
HPRegen 0.42/turn                g - ring "Laemix" {rF+ rN+ Str+5 Int-3}
MPRegen 0.15/turn                A - +4 ring of slaying

@: mighty, agile, unable to hop, lightly drained, very slow
A: amphibious, slowness 1, strong legs 2, +LOS, iridescent scales 1, MP-powered
wands
a: Hop, Renounce Religion, Bend Time, Temporal Distortion, Slouch, Step From
Time


You were on level 1 of the Shoals.
You worshipped Cheibriados.
Cheibriados was exalted by your worship.
You visited 6 branches of the dungeon, and saw 23 of its levels.
You also visited: Ice Cave.

You collected 1703 gold pieces.
You spent 1562 gold pieces at shops.

Inventory:

Hand Weapons
 a - a +5 sling of draining (weapon)
 O - a +2 arbalest of freezing
Missiles
 K - 6 throwing nets
Armour
 h - a +0 pair of boots (worn)
 l - the +2 buckler of Quef (worn) {Slay+2}
   (You found it on level 3 of the Lair of Beasts)

   Slay:      It affects your accuracy & damage with ranged weapons and melee
   (+2).
 y - the +0 pair of gloves "Tiom" (worn) {rPois Str+4 Int+2}
   (You bought it in a shop on level 6 of the Dungeon)

   Str:       It affects your strength (+4).
   Int:       It affects your intelligence (+2).
   rPois:     It protects you from poison.
 B - a +0 helmet (worn)
 J - a +2 chain mail of fire resistance
 L - a +2 cloak of preservation (worn)
 M - a +2 kite shield of cold resistance
 S - the +0 cloak of a Thousand Artisans {rC+ rN+ Str+4}
   (You found it on level 5 of the Lair of Beasts)

   Str:       It affects your strength (+4).
   rC:        It protects you from cold.
   rN:        It protects you from negative energy.
 X - +2 gold dragon scales (worn)
Jewellery
 g - the ring "Laemix" (left hand) {rF+ rN+ Str+5 Int-3}
   (You acquired it on level 5 of the Dungeon)

   [ring of protection from fire]

   Str:       It affects your strength (+5).
   Int:       It affects your intelligence (-3).
   rF:        It protects you from fire.
   rN:        It protects you from negative energy.
 t - a ring of fire
 A - a +4 ring of slaying (right hand)
 I - an amulet of guardian spirit (around neck)
 Q - a +4 ring of protection
 Y - a ring of magical power
 Z - a +6 ring of dexterity
Wands
 c - a wand of digging (6)
 r - a wand of polymorph (11)
 v - a wand of iceblast (13)
 C - a wand of flame (6)
Scrolls
 m - 2 scrolls of enchant armour
 o - 4 scrolls of fog
 q - 5 scrolls of immolation
 F - 4 scrolls of identify
 G - a scroll of amnesia
 P - a scroll of butterflies {unknown}
 R - a scroll of silence {unknown}
 V - a scroll of magic mapping
Potions
 b - 8 potions of degeneration
 d - 5 potions of haste
 f - a potion of lignification
 i - 3 potions of ambrosia
 j - a potion of resistance
 n - a potion of curing
 p - a potion of invisibility
 s - 2 potions of cancellation {unknown}
 u - 7 potions of brilliance
 w - 11 potions of attraction
 x - 3 potions of flight
 z - 4 potions of might
 N - a potion of magic
 U - 4 potions of mutation
Miscellaneous
 H - a phial of floods
 T - a condenser vane
 W - a phantom mirror (inert)


   Skills:
 + Level 20.1 Fighting
 - Level 14.0 Ranged Weapons
 + Level 15.7 Armour
 - Level 3.0 Dodging
 - Level 10.0 Shields
 - Level 1.1 Spellcasting
 - Level 3.2 Hexes
 - Level 1.0 Invocations
 + Level 4.5 Evocations


You had 15 spell levels left.
You knew the following spells:

 Your Spells              Type           Power      Damage    Failure   Level
a - Slow                  Hex            76%        N/A       32%         1

Your spell library contained the following spells:

 Spells                   Type           Power      Damage    Failure   Level
 Cigotuvi's Dreadful Rot  Necr/Pois/Air  2%         N/A       88%         2
 Inner Flame              Hex/Fire       10%        N/A       88%         3
 Portal Projectile        Hex/Tloc       20%        N/A       88%         3
 Cause Fear               Hex            9%         N/A       97%         4
 Gell's Gravitas          Tloc           1%         N/A       98%         3
 Ignite Poison            Fire/Tmut/Pois 1%         N/A       98%         3
 Kindle Blastsparks       Fire/Tloc/Air  2%         2d10      98%         3
 Lesser Beckoning         Tloc           2%         N/A       98%         3
 Teleport Other           Tloc           1%         N/A       98%         3
 Dispel Undead            Necr           1%         3d6       100%        4
 Sticky Flame             Conj/Fire      1%         2d3       100%        4
 Alistair's Intoxication  Tmut/Pois      0%         N/A       100%        5
 Freezing Cloud           Conj/Ice/Air   0%         6-21      100%        5
 Yara's Violent Unravell  Hex/Tmut       5%         3d4       100%        5
 Death Channel            Necr           0%         N/A       100%        6
 Ignition                 Fire           0%         3d3       100%        8


Dungeon Overview and Level Annotations

Branches:
Dungeon (13/15)            Temple (1/1) D:5            Lair (5/5) D:11
 Shoals (1/4) Lair:3       Spider (1/4) Lair:3        Slime (0/5) Lair:5
    Orc (2/2) D:10            Elf (0/3) Orc:2        Vaults (0/5) D:13
  IceCv (visited)

Altars:
Ashenzari
Cheibriados
Dithmenos
Elyvilon
Fedhas
Gozag
Hepliaklqana
Kikubaaqudgha
Makhleb
Nemelex Xobeh
Okawaru
Qazlal
Ru
Sif Muna
Trog
Uskayaw
Vehumet
Wu Jian
Xom
Yredelemnul
Zin
The Shining One

Shops:
D:6 *[[   D:7 !**   Orc:2 ([***

Annotations:
Lair:1 2 runed translucent doors, Zonian's ghost, novice DjIE


Innate Abilities, Weirdness & Mutations

You are amphibious.
You cover ground slowly.
You can hop long distances.
You have an extended range of vision and can be seen from far away.
You are partially covered in iridescent scales. (AC +2)
You expend magic power (3 MP) to strengthen your wands.


Message History

The apocalypse crab misses you.
You don't have enough magic at the moment.
Unknown command.
You shoot a sling bullet.
The sling bullet hits the apocalypse crab.
You kill the apocalypse crab!
Cheibriados appreciates the change of pace.
Your merfolk impaler is engulfed in poison gas.
Your merfolk impaler looks as sick as possible!
Your merfolk impaler is engulfed in poison gas.
Your merfolk impaler looks as sick as possible!
You shoot a sling bullet.
The sling bullet hits the merfolk impaler!!
The merfolk impaler is lightly wounded.
The merfolk impaler is no longer petrified.
Your merfolk impaler is engulfed in poison gas.
Your merfolk impaler looks as sick as possible!
The merfolk impaler hits you but does no damage.
Your merfolk impaler is engulfed in poison gas.
Your merfolk impaler looks as sick as possible!
The merfolk impaler hits you but does no damage.
You partially resist.
You shoot a sling bullet.
The sling bullet hits the merfolk impaler!!
You drain the merfolk impaler!
The merfolk impaler is heavily wounded.
Your merfolk impaler looks as sick as possible!
You block the merfolk impaler's attack.
Your merfolk impaler is engulfed in poison gas.
Your merfolk impaler looks as sick as possible!
The merfolk impaler closely misses you.
You shoot a sling bullet.
The sling bullet hits the merfolk impaler!!
You drain the merfolk impaler!
The merfolk impaler is almost dead.
Your merfolk impaler is engulfed in poison gas.
Your merfolk impaler looks as sick as possible!
You block the merfolk impaler's attack.
The merfolk impaler hits you with a +2 trident of chaos!
You die...

..####....~§§☼§○§○§☼§§§○°...~~≈≈≈
P.......).~≈☼○☼☼○§§§°§§☼§...~~≈≈≈
P........~~≈≈☼☼§°§☼§☼☼☼°§...~~≈≈≈
PPP.P...~~~~.°○☼○§§§§○§§...~~~≈≈≈
~...~~~~~~....☼§§☼☼☼§☼.....~~~~≈≈
PPP~~~...~....#☼§§§§☼..~..~~~~~~≈
PP~≈~...~~..###§○☼○#####.......~~
≈≈≈≈...~○○○°#§#mmH§§## #.......~~
≈≈≈~...~§§☼○§☼☼°@°§☼§# .......~≈≈
≈≈≈~~~~~§§○§§§§☼§§☼§☼.○○☼ ~~~≈≈≈
#######○§☼§§°##°# ...≈≈≈ ##○§§§☼#
# .~~≈≈≈ ##§§○§○○ ##§☼§§§§#
#☼°§°§# ☼☼§○§☼ §§☼☼##


You could see a merfolk impaler (agile, drained, ally target), a manticore
(strong, petrified) and a friendly merfolk impaler (summoned, agile, petrified,
extremely poisoned, drained).

Vanquished Creatures
  Jorgrun (Orc:1)
  An azure jelly (IceCv)
  A quicksilver ooze (IceCv)
  4 merfolk impalers (Shoals:1)
  Josephine (Lair:3)
  The ghost of p00ps00p the Cleaver, a journeyman HOFi of Gozag (D:10)
  7 vault guards (D:13)
  A catoblepas (Lair:2)
  A centaur warrior (Shoals:1)
  2 hydras
  Erica (Lair:1)
  3 two-headed ogres
  2 boulder beetles
  3 death yaks
  3 merfolk avatars
  Urug (D:12)
  An orc high priest (Orc:1)
  3 skeletal warriors
  7 orc knights (Orc:2)
  A deep elf pyromancer (D:10)
  A harpy (Lair:5)
  6 cyclopes
  2 manticores (Lair:5)
  2 spectral centaurs (D:10)
  2 centaur zombies (D:10)
  An ugly thing (D:10)
  7 elephants
  An apocalypse crab (Shoals:1)
  2 ice statues (IceCv)
  3 black mambas (Lair:5)
  A merfolk siren (Shoals:1)
  A torpor snail (Lair:5)
  3 water nymphs (Shoals:1)
  Joseph (D:7)
  8 cane toads
  4 rime drakes
  An unseen horror (D:12)
  Maggie (Lair:1)
  A kobold demonologist (D:9)
  3 komodo dragons
  4 burning bushes (Lair:4)
  5 merfolk
  4 hornets
  6 trolls
  32 slime creatures
  13 blink frogs
  A wind drake (Lair:5)
  Prince Ribbit (D:7)
  Grinder (D:6)
  2 dream sheep (Shoals:1)
  A snapping turtle (Lair:5)
  4 jumping spiders
  2 centaur simulacra (D:10)
  Sigmund (D:5)
  A vampire (D:12)
  7 wraiths
  Eustachio (D:6)
  4 culicivoras (Lair:3)
  52 yaks
  5 vampire mosquitoes (D:10)
  7 wyverns
  3 basilisks
  4 steam dragons
  3 redbacks (Lair:3)
  3 wargs
  Edmund (D:6)
  13 water moccasins
  2 acid dragons
  35 orc warriors
  A sky beast (D:6)
  2 black bears
  3 great orb of eyes simulacra (IceCv)
  6 wolves (Lair:1)
  12 centaurs
  7 ogres
  2 slime creature simulacra (IceCv)
  Blork the orc (D:6)
  5 kobold brigands
  14 bullfrogs
  A gnoll sergeant (D:8)
  A necrophage (D:6)
  5 scorpions
  3 glowing shapeshifter simulacra (IceCv)
  9 wights
  3 howler monkeys (D:8)
  3 electric eels
  3 lava snakes (Lair:3)
  8 hounds
  18 orc priests
  A jelly (D:4)
  2 iguanas
  14 orc wizards
  3 shapeshifter simulacra (IceCv)
  7 hell rats (Lair:3)
  A boggart simulacrum (D:10)
  9 gnolls
  7 adders
  A shadow imp (D:8)
  A white imp (D:6)
  2 ufetubi
  3 dart slugs
  81 orcs
  2 endoplasms
  3 giant cockroaches
  7 goblins
  15 hobgoblins
  4 jackals
  4 quokkas
  10 ball pythons
  6 bats
  18 kobolds
  7 rats
629 creatures vanquished.

Vanquished Creatures (others)
  A great orb of eyes simulacrum (IceCv)
  A slime creature simulacrum (IceCv)
  12 fungi
  41 plants
55 creatures vanquished.

Grand Total: 684 creatures vanquished

Notes
Turn   | Place    | Note
-------+----------+-------------------------------------------
     0 | D:1      | oldriver the Barachi Hexslinger began the quest for the
                  | Orb.
     0 | D:1      | Reached XP level 1. HP: 15/15 MP: 2/2
   143 | D:1      | Reached XP level 2. HP: 13/22 MP: 3/3
   308 | D:1      | Reached skill level 2 in Fighting
   480 | D:1      | Reached XP level 3. HP: 18/27 MP: 4/4
  1279 | D:2      | Found a sparkling altar of Nemelex Xobeh.
  1279 | D:2      | You fall into a shaft and drop 1 floor!
  1531 | D:2      | Reached XP level 4. HP: 34/34 MP: 5/5
  1850 | D:3      | Reached skill level 1 in Shields
  1852 | D:3      | Reached skill level 3 in Fighting
  2180 | D:3      | Reached XP level 5. HP: 27/41 MP: 6/6
  2193 | D:3      | HP: 1/41 [something/puff of flame (4)]
  2194 | D:3      | Gained mutation: You are partially covered in iridescent
                  | scales. (AC +2) [potion of mutation]
  2194 | D:3      | Gained mutation: You expend magic power (3 MP) to
                  | strengthen your wands. [potion of mutation]
  3033 | D:4      | Noticed a black bear
  3044 | D:4      | Killed a black bear
  3045 | D:4      | Reached XP level 6. HP: 43/48 MP: 7/7
  3160 | D:4      | Reached skill level 4 in Fighting
  3160 | D:4      | Reached skill level 5 in Ranged Weapons
  3373 | D:4      | Reached XP level 7. HP: 55/55 MP: 8/8
  3806 | D:5      | Entered Level 5 of the Dungeon
  3863 | D:5      | Found a shadowy altar of Dithmenos.
  3864 | D:5      | Found a stormy altar of Qazlal.
  3891 | D:5      | Reached skill level 1 in Armour
  3972 | D:5      | Noticed Sigmund
  4032 | D:5      | Killed Sigmund
  4033 | D:5      | Reached skill level 5 in Fighting
  4240 | D:5      | Reached XP level 8. HP: 57/62 MP: 9/9
  4343 | D:5      | Found a staircase to the Ecumenical Temple.
  4355 | Temple   | Entered the Ecumenical Temple
  4421 | Temple   | Became a worshipper of Cheibriados the Contemplative
  4586 | D:5      | Identified a scroll of acquirement
  4586 | D:5      | Acquired the ring "Laemix" {rF+ rN+ Str+5 Int-3}
  4606 | D:6      | Noticed Eustachio
  4818 | D:6      | Found Nosopiq's General Store.
  4963 | D:6      | Killed Eustachio
  5281 | D:6      | Reached skill level 6 in Fighting
  5297 | D:6      | Found Oraemn's Armour Boutique.
  5345 | D:6      | Found Enkyot's Armour Emporium.
  5428 | D:6      | Reached skill level 5 in Shields
  5491 | D:6      | Noticed Edmund
  5499 | D:6      | Killed Edmund
  5556 | D:6      | Found a white marble altar of Elyvilon.
  5708 | D:6      | Noticed Grinder
  5714 | D:6      | Paralysed by Grinder for 3 turns
  5719 | D:6      | Paralysed by Grinder for 3 turns
  5723 | D:6      | Paralysed by Grinder for 5 turns
  5734 | D:6      | Killed Grinder
  5735 | D:6      | Reached XP level 9. HP: 70/71 MP: 10/10
  5825 | D:6      | Noticed Blork the orc
  5837 | D:6      | Killed Blork the orc
  5935 | D:6      | Reached * piety under Cheibriados
  6170 | D:7      | Found Ceischij's Distillery.
  6175 | D:7      | Found Ureatetz's Assorted Antiques.
  6188 | D:7      | Noticed Joseph
  6277 | D:7      | Killed Joseph
  6278 | D:7      | Reached skill level 7 in Fighting
  6278 | D:7      | Reached skill level 5 in Armour
  6367 | D:7      | Found a sparkling altar of Nemelex Xobeh.
  6453 | D:7      | Noticed Prince Ribbit
  6477 | D:7      | Killed Prince Ribbit
  6583 | D:7      | Got Vegoplug's Vellum of Changing and Pestilence
  6731 | D:7      | Found Ygudiaj's Assorted Antiques.
  6865 | D:8      | Reached skill level 8 in Fighting
  6885 | D:8      | Reached ** piety under Cheibriados
  7082 | D:8      | Reached skill level 10 in Ranged Weapons
  7100 | D:8      | Reached XP level 10. HP: 52/81 MP: 11/11
  7375 | D:8      | Found a burning altar of Makhleb.
  7661 | D:8      | Reached skill level 9 in Fighting
  7986 | D:9      | Reached *** piety under Cheibriados
  8279 | D:9      | Upgraded the game from 0.30-a0-462-gd5975efbca to
                  | 0.30-a0-465-g8901f6c8b5
  8378 | D:9      | Noticed a kobold demonologist
  8383 | D:9      | Noticed a rust devil
  8383 | D:9      | Killed a kobold demonologist
  8551 | D:9      | Reached skill level 10 in Fighting
  8640 | D:9      | Reached XP level 11. HP: 65/92 MP: 12/12
  8870 | D:9      | Reached **** piety under Cheibriados
  8943 | D:10     | Entered Level 10 of the Dungeon
  9074 | D:10     | Reached skill level 11 in Fighting
  9140 | D:6      | Bought the +0 pair of gloves "Tiom" {rPois Str+4 Int+2} for
                  | 424 gold pieces
  9352 | D:10     | Found a large runed translucent door.
  9352 | D:10     | Found a large runed translucent door.
  9359 | D:10     | Noticed a deep elf pyromancer
  9360 | D:10     | Found a large runed translucent door.
  9360 | D:10     | Found a large runed translucent door.
  9519 | D:10     | Noticed a two-headed ogre
  9526 | D:10     | Killed a two-headed ogre
  9556 | D:10     | Noticed a cyan ugly thing
  9639 | D:10     | Found a runed translucent gate.
  9640 | D:10     | Found a runed translucent gate.
  9640 | D:10     | Found a runed translucent gate.
  9763 | D:10     | Found a staircase to the Orcish Mines.
  9789 | D:10     | Killed a purple ugly thing
  9789 | D:10     | Reached ***** piety under Cheibriados
 10071 | D:10     | Noticed p00ps00p's ghost (journeyman HOFi)
 10136 | D:10     | Noticed a boulder beetle
 10155 | D:10     | Killed a boulder beetle
 10156 | D:10     | Reached skill level 12 in Fighting
 10235 | D:10     | Identified the +6 shortbow of Ascent {drain, *Slow rPois
                  | rF+ rN+}
 10843 | D:11     | Noticed a cyclops
 11119 | D:11     | Killed a cyclops
 11393 | D:11     | Reached XP level 12. HP: 103/103 MP: 13/13
 11394 | D:11     | Found a staircase to the Lair.
 11859 | D:6      | Bought a +0 cloak of preservation for 126 gold pieces
 11992 | Lair:1   | Entered Level 1 of the Lair of Beasts
 12017 | Lair:1   | Reached skill level 13 in Fighting
 12536 | Lair:1   | Reached ****** piety under Cheibriados
 12537 | Lair:1   | Reached skill level 14 in Fighting
 12652 | Lair:1   | Noticed Maggie
 12659 | Lair:1   | Killed Maggie
 12717 | Lair:1   | Reached skill level 15 in Fighting
 12943 | Lair:1   | Noticed Erica
 12955 | Lair:1   | Killed Erica
 13025 | Lair:1   | Found a large runed translucent door.
 13025 | Lair:1   | Found a large runed translucent door.
 13026 | Lair:1   | Noticed Zonian's ghost (novice DjIE)
 13374 | Lair:2   | Noticed a catoblepas
 13384 | Lair:2   | Killed a catoblepas
 13538 | Lair:2   | Gained mutation: You can hop long distances. [Barachi
                  | growth]
 13538 | Lair:2   | Reached XP level 13. HP: 111/117 MP: 14/14
 14055 | Lair:3   | Found a hole to the Spider Nest.
 14066 | Lair:3   | Reached skill level 1 in Invocations
 14081 | Lair:3   | Reached skill level 16 in Fighting
 14200 | Lair:3   | Noticed Josephine
 14208 | Lair:3   | Reached skill level 10 in Armour
 14215 | Lair:3   | Killed Josephine
 14323 | Lair:3   | Identified the +2 buckler of Quef {Slay+2}
 14325 | Lair:3   | Found a frozen archway.
 14343 | IceCv    | Entered an ice cave
 16426 | IceCv    | Found a viscous altar of Jiyva.
 16426 | IceCv    | Noticed an azure jelly
 16442 | IceCv    | Killed an azure jelly
 16535 | IceCv    | Noticed a quicksilver ooze
 16547 | IceCv    | Killed a quicksilver ooze
 16663 | IceCv    | Identified the ring "Ittig" {rF- rC- Will+ SInv Stlth+}
 16792 | Lair:3   | Reached skill level 17 in Fighting
 17221 | Lair:3   | Found a staircase to the Shoals.
 17563 | Lair:4   | You fall into a shaft and drop 1 floor!
 17563 | Lair:5   | Entered Level 5 of the Lair of Beasts
 17697 | Lair:5   | Reached XP level 14. HP: 85/128 MP: 10/15
 17751 | Lair:5   | Found a staircase to the Slime Pits.
 18610 | Lair:5   | Identified the +0 cloak of a Thousand Artisans {rC+ rN+
                  | Str+4}
 19087 | Lair:5   | Reached skill level 18 in Fighting
 19996 | D:12     | Noticed Urug
 20003 | D:12     | Killed Urug
 20416 | Orc:1    | Entered Level 1 of the Orcish Mines
 20919 | Orc:2    | Entered Level 2 of the Orcish Mines
 21079 | Orc:2    | Found a staircase to the Elven Halls.
 21081 | Orc:2    | Found Hyfrer's Weapon Shop.
 21165 | Orc:2    | Reached skill level 10 in Shields
 21363 | Orc:1    | Noticed Jorgrun
 21380 | Orc:1    | Killed Jorgrun
 22102 | Orc:2    | Found Sosch's General Store.
 22102 | Orc:2    | Found Huysm's General Store.
 22102 | Orc:2    | Found Naruast's Armour Shop.
 22105 | Orc:2    | Found Kockeis's General Store.
 22125 | Orc:2    | Reached XP level 15. HP: 138/138 MP: 16/16
 22205 | Orc:2    | Reached skill level 19 in Fighting
 22676 | Orc:1    | Found a radiant altar of Vehumet.
 22944 | D:10     | Killed p00ps00p's ghost
 22945 | D:10     | Reached skill level 15 in Armour
 23236 | Orc:2    | Bought +2 gold dragon scales for 1012 gold pieces
 23684 | D:12     | Reached skill level 1 in Evocations
 24278 | D:13     | Found a gate to the Vaults.
 24439 | Spider:1 | Entered Level 1 of the Spider Nest
 24736 | Shoals:1 | Entered Level 1 of the Shoals
 24982 | Shoals:1 | Reached skill level 20 in Fighting
 25084 | Shoals:1 | HP: 4/141 [merfolk impaler/+2 trident of chaos (10)]
 25420 | Shoals:1 | Identified the ring of Olol {rElec rPois rC+ rN+}
 25422 | Shoals:1 | Noticed a kraken
 25464 | Shoals:1 | Slain by a merfolk impaler

Illustrated notes

Levels and vault maps discovered:
D:1:      nagdon_arrival_zigzag_paths, layout_loops_ring, st_stairs_3
D:2:      layout_rooms, basic_altar
D:3:      layout_basic, moated_statue
D:4:      layout_gridville
D:5:      layout_cave_pools, mainiacjoe_overflow_divided_tiny,
          minmay_temple_entry_proselytizer, uniq_sigmund
D:6:      layout_basic, kennysheep_mini_moat, serial_shops, shop, shop,
          nicolae_square_shop, roderic_roman_lattice, uniq_edmund,
          uniq_eustachio, uniq_blork_the_orc, uniq_grinder
D:7:      layout_rooms, lemuel_coloured_pillars_altar, serial_shops,
          nicolae_shop_overgrown_old_shop, nicolae_shop_trees,
          nicolae_shop_trees, due_unseen_surprise, uniq_prince_ribbit1,
          uniq_joseph
D:8:      layout_rooms, mainiacjoe_overflow_boulevard, kennysheep_nub
D:9:      layout_gridville, grunt_ministairs_6
D:10:     layout_layer_cave, erik_orc_4, gammafunk_ghost_necromancy,
          minmay_hollow_rounded_squares
D:11:     layout_roguey, erik_lair_orcish_takeover
D:12:     layout_rooms, uniq_urug
D:13:     layout_gridville, erik_vaults_2, kennysheep_generic_room_16
Temple:   bh_familiar_temple
Lair:1:   layout_layer_cave, ebering_ghost_disaster_area, uniq_erica,
          uniq_maggie
Lair:2:   layout_regular_city
Lair:3:   layout_roguey, elwin_shoals_entry_rooms,
          nicolae_spider_entry_tight_spaces, portal_ice_cave_entry_pillars_2,
          nicolae_lair_liquid_snakes, uniq_josephine
Lair:4:   layout_cave_pods, evilmike_ambush [evilmike_ambush_outer_corners,
          evilmike_ambush_inner_basic], grunt_megastairs_4
Lair:5:   gammafunk_lair_ancient_temple, layout_gridlike, slime_entry_1,
          enter_volcano_2
Shoals:1: dreamdust_from_the_deep, layout_shoals, gammafunk_ghost_cemetery
Spider:1: layout_spider_delve
Orc:1:    layout_diamond_mine, basic_altar, uniq_jorgrun
Orc:2:    st_orc_rangers, layout_caves, serial_shops, nicolae_shop_stone,
          hellmonk_guarded_unrand_dark_maul

Skill      XL: |  1  2  3  4  5  6  7  8  9 10 11 12 13 14 15 |
---------------+----------------------------------------------+-----
Fighting       | 2 3 4 5 6 8 10 12 15 17 18 20 | 20.1
Ranged Weapons | 3 4 5 6 8 10 12 14 | 14.0
Shields        | 1 2 3 4 5 7 10 | 10.0
Armour         | 2 4 5 6 9 12 14 15 | 15.7
Dodging        | 3 |  3.0
Invocations    | 1 |  1.0
Evocations     | 4 |  4.5
Spellcasting   | |  1.1
Hexes          | |  3.2

Action                   |  1- 3 |  4- 6 |  7- 9 | 10-12 | 13-15 || total
-------------------------+-------+-------+-------+-------+-------++-------
Melee: Sling             |       |     6 |       |       |     1 ||     7
       Unarmed           |       |       |     4 |       |       ||     4
 Fire: Sling             |   147 |   216 |   451 |   683 |  1445 ||  2942
Invok: Bend Time         |       |       |       |       |     2 ||     2
       Slouch            |       |       |       |       |     1 ||     1
 Abil: Hop               |     2 |     5 |     6 |    16 |    29 ||    58
Evoke: Wand              |       |       |       |     1 |       ||     1
       Phantom mirror    |       |       |       |       |     1 ||     1
  Use: Scroll            |       |     5 |    13 |    15 |     7 ||    40
       Potion            |       |     3 |       |       |    12 ||    15
Armor: Robe              |    18 |    34 |       |       |       ||    52
       Leather armour    |       |    31 |   131 |    66 |       ||   228
       Skin              |       |       |     1 |       |       ||     1
       Chain mail        |       |       |       |   119 |   262 ||   381
       Gold dragon scale |       |       |       |       |   180 ||   180
Dodge: Dodged            |    68 |    91 |   216 |   197 |   388 ||   960
Block: Buckler           |     4 |    15 |   101 |   151 |   413 ||   684
       Kite shield       |       |       |       |       |    87 ||    87

Table legend: (Time is in decaauts)
 A = Elapsed time spent in this place.
 B = Non-inter-level travel time spent in this place.
 C = Inter-level travel time spent in this place.
 D = Time resting spent in this place.
 E = Time spent auto-exploring this place.
 F = Levels seen in this place.
 G = Mean time per level.
                   A        B        C        D        E       F      G
               +--------+--------+--------+--------+--------+-----+--------+
         Total |  38335 |  34881 |   3454 |   6187 |  21727 |  24 | 1597.3 |
       Dungeon |  19642 |  17483 |   2159 |   2353 |  12051 |  13 | 1510.9 |
        Temple |    270 |    222 |     48 |      0 |    212 |   1 |  270.0 |
          Lair |  10209 |   9454 |    755 |    893 |   6810 |   5 | 2041.8 |
        Shoals |   1017 |   1017 |      0 |    359 |    294 |   1 | 1017.0 |
   Spider Nest |     40 |     40 |      0 |      0 |      0 |   1 |   40.0 |
  Orcish Mines |   4217 |   3728 |    489 |    817 |   2045 |   2 | 2108.5 |
      Ice Cave |   2936 |   2936 |      0 |   1763 |    312 |   1 | 2936.0 |
               +--------+--------+--------+--------+--------+-----+--------+

Top non-repeatable levels by time:
    D:10: 3894 daAuts
   IceCv: 2936 daAuts
   Orc:2: 2499 daAuts
  Lair:3: 2458 daAuts
     D:6: 2230 daAuts
  Lair:1: 2130 daAuts
  Lair:4: 2120 daAuts
  Lair:5: 1934 daAuts
    D:11: 1854 daAuts
   Orc:1: 1718 daAuts
     D:9: 1634 daAuts
  Lair:2: 1567 daAuts
     D:8: 1543 daAuts
     D:3: 1513 daAuts
    D:12: 1330 daAuts
